 Dungeon Crawl Stone Soup version 0.30-a0-1160-g6e42c06551 (webtiles) character file.

Game seed: 7398443667702560797

6974 BlueFish the Covert (level 11, -4/72 HPs)
             Began as an Octopode Fighter on Apr 26, 2023.
             Was an Elder of Cheibriados.
             Killed from afar by a raiju (17 damage)
             ... with a living lightning
             ... on level 10 of the Dungeon.
             The game lasted 00:26:48 (11751 turns).

BlueFish the Covert (Octopode Fighter)             Turns: 11751, Time: 00:26:48

Health: -4/72      AC:  7    Str: 30    XL:     11   Next: 8%
Magic:  16/16      EV: 17    Int: 20    God:    Cheibriados [****..]
Gold:   537        SH:  8    Dex: 22    Spells: 4/16 levels left

rFire   . . .        i - +0 whip
rCold   . . .        K - +2 buckler
rNeg    + . .        (helmet restricted)
rPois   .            x - amulet of magic regeneration
rElec   .            d - ring of positive energy
rCorr   .            z - ring of willpower
SInv    .            (no ring)
Will    +....        (no ring)
Stlth   ++++++       (no ring)
HPRegen 0.32/turn    (no ring)
MPRegen 0.55/turn    (no ring)
                     (no ring)

%: no passive effects
@: ice-armoured, about to teleport, very slow
A: almost no armour, amphibious, 8 rings, camouflage 1, gelatinous body 1,
(nimble swimmer 1), tentacles
a: Renounce Religion, Bend Time, Temporal Distortion, Slouch


You were on level 10 of the Dungeon.
You worshipped Cheibriados.
Cheibriados was greatly pleased with you.
You visited 1 branch of the dungeon, and saw 10 of its levels.
You also visited: Sewer.

You collected 537 gold pieces.

Inventory:

Hand Weapons
 a - a +0 flail
 i - a +0 whip (weapon)
 C - a +0 mace
 D - a +0 morningstar
Missiles
 l - 5 boomerangs
 p - 19 poisoned darts
 r - 67 stones (quivered)
Armour
 u - a +0 kite shield
 K - a +2 buckler (worn)
Jewellery
 d - a ring of positive energy (left tentacle)
 x - an amulet of magic regeneration (around mantle)
 z - a ring of willpower (right tentacle)
 G - an amulet of guardian spirit
Wands
 B - a wand of flame (16)
 E - a wand of polymorph (6)
Scrolls
 e - 2 scrolls of fear {unknown}
 h - a scroll of torment {unknown}
 j - 4 scrolls of teleportation
 k - a scroll of brand weapon {unknown}
 n - a scroll of enchant armour {unknown}
 o - a scroll of poison {unknown}
 q - a scroll of amnesia
 v - 2 scrolls of enchant weapon
 y - 3 scrolls of vulnerability
 A - a scroll of immolation
 F - a scroll of magic mapping {unknown}
 H - a scroll of noise {unknown}
 I - a scroll of butterflies {unknown}
Potions
 c - 4 potions of might
 f - 4 potions of brilliance
 g - 6 potions of flight
 m - 7 potions of curing
 s - a potion of magic
 t - 2 potions of invisibility {unknown}
 w - 5 potions of attraction
 J - a potion of mutation {unknown}


   Skills:
 + Level 5.9 Fighting
 + Level 5.2 Maces & Flails
 + Level 4.0 Throwing
 + Level 5.8 Dodging
 * Level 10.0 Stealth
 + Level 5.9 Shields
 + Level 3.3 Spellcasting
 * Level 5.8 Translocations
 + Level 3.2 Ice Magic
 - Level 4.8 Air Magic
 + Level 4.5 Invocations


You had 4 spell levels left.
You knew the following spells:

 Your Spells              Type           Power      Damage    Failure   Level
a - Vhi's Electric Charg  Tloc/Air       48%        N/A       5%          3
b - Lesser Beckoning      Tloc           52%        N/A       2%          2
c - Blink                 Tloc           52%        N/A       2%          2
d - Ozocubu's Armour      Ice            16%        N/A       13%         3
e - Momentum Strike       Conj/Tloc      30%        3d8       7%          2

Your spell library contained the following spells:

 Spells                   Type           Power      Damage    Failure   Level
 Apportation              Tloc           52%        N/A       1%          1
 Gell's Gravitas          Tloc           26%        N/A       4%          3
 Teleport Other           Tloc           26%        N/A       4%          3
 Passage of Golubria      Tloc           26%        N/A       14%         4
 Necrotise                Necr           12%        1d4       16%         1
 Inner Flame              Hex/Fire       3%         N/A       43%         3
 Tukima's Dance           Hex            3%         N/A       43%         3
 Vampiric Draining        Necr           3%         2d6       43%         3
 Flame Wave               Conj/Fire      3%         2d5       83%         4
 Sticky Flame             Conj/Fire      3%         2d3       83%         4
 Arcjolt                  Conj/Air       6%         1d16      85%         5
 Silence                  Hex/Air        6%         N/A       85%         5
 Dispersal                Tloc           13%        N/A       91%         6
 Metabolic Englaciation   Hex/Ice        4%         N/A       92%         5
 Agony                    Necr           3%         N/A       99%         5
 Alistair's Intoxication  Tmut/Pois      2%         N/A       99%         5
 Iskenderun's Battlesphe  Conj           3%         2d6       99%         5
 Yara's Violent Unravell  Hex/Tmut       1%         3d3       99%         5
 Iron Shot                Conj/Erth      1%         9d1       100%        6
 Simulacrum               Ice/Necr       4%         N/A       100%        6
 Spellforged Servitor     Conj/Summ      1%         N/A       100%        7
 Lehudib's Crystal Spear  Conj/Erth      1%         10d2      100%        8
 Maxwell's Capacitive Co  Air            11%        ∞         100%        8


Dungeon Overview and Level Annotations

Branches:
Dungeon (10/15)            Temple (0/1) D:7            Lair (0/5) D:9
    Orc (0/2) D:9           Sewer (visited)

Altars:
Cheibriados
Dithmenos
Elyvilon
Fedhas
Kikubaaqudgha
Makhleb
Okawaru
Ru
Sif Muna
Vehumet
Wu Jian
Xom
Yredelemnul
Zin
The Shining One

Annotations:
D:3 3 runed translucent doors, BigDaddyOpFi's ghost, amateur GnWn
D:5 1 runed translucent door, Crazy Yiuf
D:8 exclusion: 3 steam dragons
D:9 exclusion: gargoyle
D:10 exclusion: two-headed ogre, Amaemon


Innate Abilities, Weirdness & Mutations

You cannot wear most types of armour.
You are amphibious.
You can wear up to eight rings at the same time.
Your skin changes colour to match your surroundings (Stealth+).
Your rubbery body absorbs attacks. (AC +1, EV +1)
((You are camouflaged when in or above water. (Stealth+)))
You have tentacles for arms and can constrict up to eight enemies at once.


Message History

You closely miss something. Something hits you but does no damage.
You swing at nothing.
Something hits you.
You swing at nothing.
You closely miss something. Something hits you.
Your icy armour cracks and falls away as you move.
Something hits you. x3; You block something's attack.
There is an open door, spattered with blood here.
Something hits you but does no damage.
Found a ruby potion.
Something hits you. x2
You barely miss something. Your squeeze misses something. Something hits you.
You swing at nothing.
You closely miss something. Something hits you.
Casting: Ozocubu's Armour (dangerous; 13% risk of failure)
Confirm with . or Enter, or press ? or * to list all spells.
A film of ice covers your body! Something hits you.
You barely miss something. Your squeeze misses something. Something hits you.
You swing at nothing.
You closely miss something. Something hits you. x2
* * * LOW HITPOINT WARNING * * *
You miss something. You squeeze something! You block something's attack.
You swing at nothing.
Something barely misses you.
You closely miss something. Something hits you.
* * * LOW HITPOINT WARNING * * *
Something hits you.
* * * LOW HITPOINT WARNING * * *
You hit something. Something hits you.
* * * LOW HITPOINT WARNING * * *
Something hits you.
* * * LOW HITPOINT WARNING * * *
You feel better.
Okay, then.
Aiming: Polymorph
Press: ? - help, Shift-Dir - straight line A raiju appears out of thin air!
Reactivating autopickup.
As you read the scroll of teleportation, it crumbles to dust.
You feel strangely unstable.
The raiju bursts into living lightning!
The living lightning hits you!
You die...

..
..>....<..##...#
#..
...##.....##...#
..
..##.....##...#
..#
..............#
####.....###### .
#.....# ...
#.....# .
.....####'##....
.......@h........
.......####......
....... ......
.....!. .....
####### #####


You could see a raiju.

Vanquished Creatures
  A gargoyle (D:10)
  Maggie (D:7)
  A troll (D:9)
  A vampire (D:9)
  6 yaks
  3 wyverns
  3 water moccasins
  An orc warrior (D:9)
  3 ice beasts
  3 sky beasts
  4 black bears
  7 ogres
  2 centaurs
  2 phantoms (D:5)
  3 kobold brigands
  6 bullfrogs
  A gnoll sergeant (D:6)
  8 scorpions
  9 wights
  7 hounds
  2 jellies
  A gnoll bouda (D:4)
  4 orc priests
  4 sleepcaps
  Jessica (D:2)
  An iguana (D:5)
  5 orc wizards
  A mummy (D:3)
  3 gnolls (D:4)
  3 river rats (Sewer)
  8 adders
  A shadow imp (D:5)
  2 white imps (D:6)
  A worm (D:3)
  A dart slug (D:2)
  17 orcs
  5 endoplasms
  2 giant cockroaches (D:1)
  8 goblins
  5 hobgoblins
  12 jackals
  12 kobolds
  6 quokkas
  4 ball pythons
  5 bats
  3 frilled lizards
  6 rats
195 creatures vanquished.

Vanquished Creatures (others)
  9 fungi (D:9)
  9 plants
18 creatures vanquished.

Grand Total: 213 creatures vanquished

Notes
Turn   | Place    | Note
-------+----------+-------------------------------------------
     0 | D:1      | BlueFish the Octopode Fighter began the quest for the Orb.
     0 | D:1      | Reached XP level 1. HP: 16/16 MP: 1/1
    73 | D:1      | Reached skill level 1 in Stealth
    74 | D:1      | Reached XP level 2. HP: 20/21 MP: 2/2
   654 | D:1      | Reached XP level 3. HP: 16/26 MP: 3/3
   913 | D:2      | Reached skill level 2 in Stealth
  1014 | D:2      | Noticed Jessica
  1169 | D:2      | Found a faded altar of an unknown god.
  1259 | D:2      | Killed Jessica
  1260 | D:2      | Reached XP level 4. HP: 22/31 MP: 4/4
  1364 | D:3      | Found a glowing drain.
  1368 | Sewer    | Entered a sewer
  1379 | Sewer    | Reached skill level 3 in Stealth
  1461 | Sewer    | Noticed a kobold brigand
  1495 | Sewer    | Killed a kobold brigand
  1496 | Sewer    | Reached skill level 4 in Stealth
  1496 | Sewer    | Reached XP level 5. HP: 26/37 MP: 5/5
  1570 | Sewer    | Found a white marble altar of Elyvilon.
  1792 | D:3      | Found an ancient bone altar of Kikubaaqudgha.
  1968 | D:3      | Reached XP level 6. HP: 42/43 MP: 6/6
  2070 | D:3      | Found a snail-covered altar of Cheibriados.
  2095 | D:3      | Became a worshipper of Cheibriados the Contemplative
  2166 | D:3      | Found a runed translucent gate.
  2329 | D:3      | Found a runed translucent gate.
  2330 | D:3      | Found a runed translucent gate.
  2348 | D:3      | Noticed BigDaddyOpFi's ghost (amateur GnWn)
  2353 | D:3      | Identified the +1 scale mail of Xavim {Harm Str+3}
  2978 | D:4      | Reached * piety under Cheibriados
  2979 | D:4      | Reached skill level 5 in Stealth
  2987 | D:4      | Reached skill level 1 in Invocations
  3070 | D:4      | Found a blossoming altar of Fedhas.
  3449 | D:4      | Learned a level 3 spell: Vhi's Electric Charge
  3479 | D:4      | Reached XP level 7. HP: 31/48 MP: 7/7
  3581 | D:4      | Reached skill level 1 in Throwing
  3618 | D:4      | Reached skill level 1 in Translocations
  3618 | D:4      | Reached skill level 1 in Air Magic
  3975 | D:5      | Entered Level 5 of the Dungeon
  4003 | D:5      | Found an ornate altar of the Wu Jian Council.
  4039 | D:5      | Found a sacrificial altar of Ru.
  4278 | D:5      | Reached XP level 8. HP: 54/54 MP: 9/9
  4303 | D:5      | Reached skill level 6 in Stealth
  4303 | D:5      | Reached skill level 1 in Spellcasting
  4579 | D:5      | Reached ** piety under Cheibriados
  4659 | D:5      | Found a radiant altar of Vehumet.
  4666 | D:5      | Found a shimmering blue altar of Sif Muna.
  4875 | D:5      | Found a shadowy altar of Dithmenos.
  4969 | D:5      | Found a runed translucent door.
  4970 | D:5      | Noticed Crazy Yiuf
  5440 | D:5      | Reached skill level 7 in Stealth
  5440 | D:5      | HP: 2/54 [sleepcap (16)]
  5707 | D:6      | Reached XP level 9. HP: 59/59 MP: 11/11
  5711 | D:6      | Learned a level 3 spell: Ozocubu's Armour
  5920 | D:6      | Found a glowing golden altar of the Shining One.
  5962 | D:6      | Reached skill level 1 in Ice Magic
  6025 | D:6      | Found a burning altar of Makhleb.
  6291 | D:6      | Reached skill level 5 in Shields
  6386 | D:6      | Learned a level 2 spell: Lesser Beckoning
  6389 | D:6      | Learned a level 2 spell: Blink
  6392 | D:6      | Learned a level 2 spell: Momentum Strike
  6418 | D:6      | Reached *** piety under Cheibriados
  6438 | D:6      | Reached skill level 5 in Fighting
  6490 | D:6      | Found a shimmering altar of Xom.
  6517 | D:6      | Found an iron altar of Okawaru.
  6694 | D:7      | Reached skill level 8 in Stealth
  6822 | D:7      | Reached skill level 5 in Dodging
  6984 | D:7      | Noticed Maggie
  6998 | D:7      | Killed Maggie
  6999 | D:7      | Reached XP level 10. HP: 4/66 MP: 13/13
  7309 | D:7      | Found a staircase to the Ecumenical Temple.
  7848 | D:7      | Found a glowing silver altar of Zin.
  8151 | D:8      | Found a white marble altar of Elyvilon.
  8299 | D:8      | Reached **** piety under Cheibriados
  8513 | D:8      | Reached skill level 9 in Stealth
  8513 | D:8      | Reached skill level 5 in Translocations
  9503 | D:9      | Found a staircase to the Orcish Mines.
  9505 | D:9      | Found a basalt altar of Yredelemnul.
 10116 | D:9      | Found a staircase to the Lair.
 10128 | D:9      | Reached skill level 5 in Maces & Flails
 10195 | D:9      | Noticed a gargoyle
 10776 | D:9      | Reached XP level 11. HP: 72/72 MP: 13/15
 11082 | D:10     | Entered Level 10 of the Dungeon
 11117 | D:10     | Noticed a two-headed ogre
 11203 | D:10     | Noticed Amaemon
 11236 | D:10     | Reached skill level 10 in Stealth
 11751 | D:10     | Killed from afar by a raiju

Illustrated notes

Levels and vault maps discovered:
D:1:      minmay_arrival_cross, layout_basic
D:2:      layout_basic, shapermc_ecumenical_altar_mp_vishouse, uniq_jessica
D:3:      layout_loops_ring, slow_altar_1, mainiacjoe_overflow_cross_hatched,
          gup_sewer_entry_bowl, biasface_ghost_orc_armoury, nicolae_eternal_life
D:4:      layout_loops_corners, fedhas_altar_1
D:5:      layout_cave_pools, grunt_dithmenos_shadows, nicolae_ru_path_of_blood,
          nicolae_wu_jian_wuxing_cycle, grunt_temple_overflow_open,
          chequers_serial_rivers_room_b, minmay_crystal_water,
          uniq_crazy_yiuf_cottage
D:6:      layout_cave_pools, kennysheep_mini_moat, marbit_many_paths,
          hellmonk_okawaru_the_only_friend_you_need,
          mainiacjoe_overflow_six_doors_small, grunt_ministairs_4,
          minmay_quadrilaterals
D:7:      layout_rooms, zin_scriptorium, minmay_temple_entry_hall,
          minmay_checkerbox, uniq_maggie
D:8:      kennysheep_steamy, layout_loops_ring, elyvilon_altar_1
D:9:      layout_small_grid, old_standard_altar, grunt_lair_entry_orc_guard_hut
D:10:     layout_stronghold, mainiacjoe_overflow_boulevard, uniq_amaemon

Skill      XL: |  1  2  3  4  5  6  7  8  9 10 11 |
---------------+----------------------------------+-----
Stealth        | 1 2 4 5 7 8 9 10 | 10.0
Maces & Flails | 3 4 5 |  5.2
Shields        | 4 5 |  5.9
Fighting       | 4 5 |  5.9
Invocations    | 1 2 3 4 |  4.5
Dodging        | 4 5 |  5.8
Throwing       | 1 2 3 4 |  4.0
Translocations | 1 3 4 5 |  5.8
Air Magic      | 1 3 4 |  4.8
Spellcasting   | 1 2 3 |  3.3
Ice Magic      | 2 3 |  3.2

Action                     |  1- 3 |  4- 6 |  7- 9 | 10-12 || total
---------------------------+-------+-------+-------+-------++-------
  Melee: Flail             |    28 |       |       |       ||    28
         Constrict         |    19 |    34 |    44 |    29 ||   126
         Tentacles         |    10 |    34 |    68 |    72 ||   184
         Whip              |    35 |   124 |   216 |   223 ||   598
         Punch             |     2 |     1 |     5 |     4 ||    12
  Throw: Dart              |       |     2 |    38 |    16 ||    56
         Boomerang         |       |       |     4 |       ||     4
         Stone             |       |       |     8 |    17 ||    25
   Cast: Vhi's Electric Ch |       |       |     3 |     3 ||     6
         Blink             |       |       |     2 |       ||     2
         Lesser Beckoning  |       |       |     1 |     6 ||     7
         Ozocubu's Armour  |       |       |       |    12 ||    12
  Evoke: Wand              |       |       |     2 |     6 ||     8
    Use: Scroll            |       |       |     3 |    11 ||    14
         Potion            |       |       |     2 |     2 ||     4
   Stab: Sleeping          |     5 |     9 |    11 |     4 ||    29
 Armour: Skin              |     2 |     4 |    10 |     9 ||    25
  Dodge: Dodged            |    30 |    64 |    83 |   119 ||   296
  Block: Buckler           |    20 |    15 |    32 |    68 ||   135
         Kite shield       |       |     2 |    15 |       ||    17

Table legend: (Time is in decaauts)
 A = Elapsed time spent in this place.
 B = Non-inter-level travel time spent in this place.
 C = Inter-level travel time spent in this place.
 D = Time resting spent in this place.
 E = Time spent auto-exploring this place.
 F = Levels seen in this place.
 G = Mean time per level.
                   A        B        C        D        E       F      G
               +--------+--------+--------+--------+--------+-----+--------+
         Total |  14455 |  13559 |    896 |   1470 |   9455 |  11 | 1314.1 |
       Dungeon |  14162 |  13266 |    896 |   1470 |   9292 |  10 | 1416.2 |
         Sewer |    293 |    293 |      0 |      0 |    163 |   1 |  293.0 |
               +--------+--------+--------+--------+--------+-----+--------+

Top non-repeatable levels by time:
     D:8: 2197 daAuts
     D:9: 2181 daAuts
     D:5: 1844 daAuts
     D:4: 1585 daAuts
     D:6: 1557 daAuts
     D:7: 1469 daAuts
     D:3: 1269 daAuts
     D:1: 852 daAuts
    D:10: 757 daAuts
     D:2: 446 daAuts
   Sewer: 293 daAuts
